Map: Abyssal Reef LE

Players

Wouane

  • Race: Terran Terran
  • League: Diamond
  • Spawn Location: 5:00

Musumeci - Winner!

  • Race: Zerg Zerg
  • League: Diamond
  • Spawn Location: 11:00

VOD

Have the link to the VOD?

Description

Time

  • Played on: Feb. 11, 2017, 2:53 p.m.
  • Length: 14:16
Show
View Real Time Build Order
Export as new Build Order

Wouane Terran 

Build Orders:  

Get SALT Encoding   

  12  0:01  SCV  
  13  0:13  SCV  
  14  0:17  Supply Depot  
  14  0:25  SCV  
  15  0:38  SCV  
  15  0:39  Barracks  
  16  0:45  Refinery  
  16  0:50  Refinery  
  16  0:55  SCV  
  17  1:07  SCV  
  18  1:28  Orbital Command  
  18  1:31  Factory  
  18  1:39  Barracks Reactor  
  18  1:48  Supply Depot  
  18  1:55  SCV  
  19  2:07  SCV  
  20  2:16  Reaper x2, Factory Reactor  
  20  2:19  SCV  
  23  2:24  Supply Depot  
  23  2:36  SCV  
  24  2:48  Reaper x2  
  26  2:53  Hellion x2  
  26  2:54  SCV  
  31  3:07  Command Center  
  31  3:18  Hellion x2  
  35  3:30  Reaper x2  
  37  3:34  SCV  
  37  3:41  Supply Depot  
  38  3:46  Supply Depot  
  38  4:02  Reaper x2  
  44  4:03  Hellion x2  
  44  4:09  Supply Depot  
  44  4:14  Starport  
  48  4:24  Hellion x2  
  48  4:27  Orbital Command  
  48  4:33  SCV  
  48  4:34  Reaper x2  
  51  4:43  Engineering Bay  
  51  4:45  Engineering Bay  
  51  4:48  SCV  
  52  5:00  SCV  
  43  5:23  SCV x2  
  43  5:25  Marine  
  43  5:26  Widow Mine x2, Marine  
  43  5:27  Terran Infantry Weapons Level 1  
  43  5:28  Terran Infantry Armor Level 1  
  49  5:43  Liberator  
  45  5:57  Widow Mine x2  
  45  5:58  Marine x2  
  54  6:04  SCV  
  54  6:10  Barracks  
  55  6:15  Barracks  
  55  6:18  Marine  
  55  6:19  Marine, Command Center  
  55  6:20  SCV  
  58  6:39  Marine x2  
  60  6:45  Armory  
  60  6:46  SCV, Factory Tech Lab  
  61  6:49  Starport Reactor  
  61  6:50  Supply Depot  
  61  6:57  Marine x2  
  59  7:10  SCV x2  
  59  7:14  Marine  
  59  7:15  Siege Tank  
  65  7:16  Barracks Tech Lab  
  65  7:19  Barracks  
  65  7:22  SCV x2  
  67  7:23  Refinery  
  67  7:24  Refinery  
  67  7:34  SCV x2  
  67  7:35  Marine x3  
  67  7:36  Marine x2  
  74  7:41  Medivac  
  76  7:47  Supply Depot  
  76  7:49  Supply Depot  
  76  7:53  Terran Infantry Weapons Level 2, Marine  
  76  7:57  SCV  
  78  7:59  SCV  
  79  8:09  Marine x2  
  79  8:10  Marauder, Marine x2  
  79  8:11  Marine  
  83  8:14  SCV  
  83  8:15  SCV  
  78  8:28  Marine  
  78  8:29  Marine x3  
  78  8:30  Barracks Tech Lab  
  78  8:31  Marauder  
  78  8:33  Stimpack  
  75  8:46  Marine  
  75  8:47  Orbital Command  
  76  8:50  Marine  
  76  8:53  Marauder  
  79  8:58  Marine x2  
  79  8:59  Marauder  
  79  9:00  Terran Infantry Armor Level 2  
  83  9:03  SCV  
  83  9:06  Missile Turret  
  84  9:14  Marauder  
  84  9:15  Marine  
  87  9:19  SCV x2  
  87  9:20  Marauder  
  87  9:21  SCV  
  91  9:36  Marauder  
  91  9:41  Marauder  
  91  9:42  Marine x4  
  91  9:44  Concussive Shells  
  88  9:46  Terran Vehicle Weapons Level 1  
  88  9:47  Siege Tank  
  88  9:52  SCV  
  92  9:54  SCV x2  
  92  9:57  Marauder, Refinery  
  92  9:59  Medivac  
  98  10:00  Marine  
  98  10:03  Marauder  
  98  10:04  SCV  
  102  10:07  SCV x2  
  102  10:10  Marine  
  102  10:11  Refinery, Marine  
  106  10:16  SCV, Marine  
  106  10:17  Marine  
  106  10:18  Marauder  
  106  10:19  SCV  
  112  10:24  Marauder  
  112  10:25  Barracks  
  112  10:26  Terran Infantry Weapons Level 3  
  112  10:27  Combat Shields  
  112  10:28  SCV  
  115  10:29  SCV  
  115  10:33  Marine  
  117  10:47  Supply Depot  
  117  10:51  Supply Depot  
  117  10:59  Marine  
  117  11:00  Marine  
  117  11:01  SCV, Marine, Medivac  
  117  11:02  SCV, Medivac  
  117  11:03  Marauder  
  115  11:04  Marauder  
  115  11:06  Siege Tank  
  115  11:09  Marine  
  109  11:12  Marine  
  109  11:17  Marine  
  109  11:18  Marine  
  96  11:19  Marine  
  96  11:24  Marauder  
  93  11:26  Marauder  
  93  11:27  Marine  
  93  11:30  Marine  
  97  11:35  Marine x2  
  91  11:46  Marauder  
  83  11:47  Marauder, Marine x2  
  83  11:48  Marine  
  83  12:03  Command Center  
  83  12:07  Marauder  
  87  12:08  Marauder  
  87  12:10  Marine x2  
  89  12:17  Marine  
  89  12:18  Marine  
  91  12:28  Marauder  
  94  12:30  Marauder  
  90  12:39  Marine x4  
  92  12:50  Marauder  
  82  12:51  Marauder  
  82  12:52  Marine  
  62  12:58  Marine x2  
  50  13:11  Marauder  
  43  13:13  Marauder  
  36  13:25  Marine  
  37  13:33  Marauder  
  40  13:34  Marauder  
  35  13:44  Marine x3  
Show
View Real Time Build Order
Export as new Build Order

Musumeci Zerg - Winner!

Build Orders: Hatch First 

Get SALT Encoding   

  12  0:01  Drone  
  13  0:11  Drone  
  14  0:19  Drone, Extractor  
  15  0:44  Hatchery  
  14  0:59  Spawning Pool  
  14  1:00  Drone  
  14  1:14  Extractor  
  14  1:15  Extractor  
  14  1:17  Drone x2  
  14  1:24  Overlord  
  16  1:42  Drone x2  
  18  1:47  Queen  
  18  1:49  Drone  
  21  1:56  Queen  
  21  1:58  Drone  
  24  2:02  Drone  
  24  2:08  Overlord  
  25  2:13  Drone  
  26  2:19  Drone  
  27  2:26  Queen  
  29  2:32  Queen  
  31  2:38  Drone  
  31  2:39  Drone  
  31  2:42  Drone  
  34  2:50  Extractor  
  33  2:51  Extractor  
  33  2:54  Roach Warren  
  31  3:01  Drone x3  
  31  3:02  Drone  
  35  3:55  Overlord x2  
  35  3:56  Overlord  
  35  4:14  Roach x2  
  35  4:15  Hatchery, Roach x6  
  50  4:21  Drone x8  
  58  4:42  Drone x2, Extractor  
  59  4:53  Extractor  
  59  4:58  Ravager x2  
  60  5:03  Overlord x3  
  54  5:20  Roach x3  
  54  5:21  Roach  
  60  5:40  Roach  
  60  5:41  Roach x10  
  82  5:54  Ravager  
  83  6:08  Lair  
  83  6:09  Drone x3  
  86  6:14  Drone x5, Evolution Chamber x2  
  89  6:18  Drone  
  90  6:30  Overlord x3  
  90  6:31  Overlord x2  
  90  6:42  Spore Crawler x2  
  90  6:43  Spore Crawler  
  90  6:44  Spore Crawler  
  86  6:47  Spore Crawler  
  86  6:49  Drone  
  86  6:51  Spore Crawler  
  86  6:52  Ravager x2  
  86  6:53  Ravager  
  86  7:13  Drone x4  
  86  7:14  Drone  
  88  7:16  Drone x4  
  88  7:22  Drone x2  
  94  7:23  Drone  
  95  7:39  Glial Reconstitution, Zerg Ground Armor Level 1, Zerg Missile Weapons Level 1  
  95  7:42  Ravager x3  
  98  7:44  Overlord  
  98  8:03  Drone  
  98  8:04  Drone x11  
  108  8:15  Drone x6  
  108  8:18  Extractor  
  108  8:19  Extractor  
  106  8:35  Queen  
  108  8:52  Hatchery  
  108  8:54  Drone x2  
  109  8:59  Roach x9  
  127  9:19  Extractor  
  127  9:22  Roach x6, Extractor  
  137  9:26  Overlord  
  129  9:48  Zerg Missile Weapons Level 2, Zerg Ground Armor Level 2  
  129  9:53  Drone x3  
  129  9:54  Drone x3  
  129  9:58  Overlord x2  
  129  9:59  Overlord x5  
  135  10:10  Spine Crawler x2  
  135  10:11  Spine Crawler  
  135  10:13  Drone, Spore Crawler  
  135  10:14  Drone x7, Spore Crawler  
  139  10:15  Spore Crawler  
  139  10:16  Ravager x10  
  139  10:17  Ravager  
  148  10:27  Roach x4  
  156  10:32  Ravager x2  
  156  10:33  Ravager x2  
  160  10:36  Overlord x2  
  160  10:49  Roach x2  
  172  10:50  Roach x4  
  172  10:52  Drone x2  
  153  11:24  Drone  
  153  11:25  Drone x11  
  144  11:29  Roach  
  134  11:56  Hatchery  
  134  11:57  Hatchery  
  134  11:58  Extractor  
  134  11:59  Ravager x5  
  134  12:00  Hatchery, Ravager  
  136  12:01  Extractor  
  136  12:06  Drone x2  
  109  13:17  Roach  
  109  13:18  Roach x11  
  118  13:56  Ravager  
  118  13:58  Ravager x6  
  118  13:59  Ravager x3  
Tags
 
Matchup
TvZ
Replay Pack
replay pack
Spawn Locations
Cross Positions
Add a new tag
Caveats
  • Supply blocks, unpowered buildings, or Contaminate may cause inaccurate times.
  • Supply counts are checked every 10 seconds.